 Seeded DCSS version 0.32-a0-825-g0e82a10 (webtiles) character file.

Game seed: 800197345211678527 (custom seed)

61203 edsrzf the Wrestler (level 14, 0/130 HPs)
             Began as a Troll Necromancer on Mar 24, 2024.
             Was the Champion of Cheibriados.
             Incinerated by a smoke demon (11 damage)
             ... with a pyre arrow
             ... on level 11 of the Dungeon on Mar 25, 2024.
             The game lasted 00:44:00 (15601 turns).

edsrzf the Wrestler (Troll Necromancer)            Turns: 15601, Time: 00:44:00

Health: 0/130      AC: 14    Str: 36    XL:     14   Next: 59%
Magic:  17/17      EV:  9    Int: 28    God:    Cheibriados [******]
Gold:   2545       SH:  5    Dex: 27    Spells: 15/19 levels left

rFire   . .          .
                       - Unarmed
rCold   . . .        (no shield)
rNeg    . . .        (body armour restricted)
rPois   .            x - +3 crown of Dyrovepreva {rElec Int+2 SInv}
rElec   +            u - +0 cloak
rCorr   .            (gloves unavailable)
SInv    +            (boots unavailable)
Will    +....        c - amulet of reflection
Stlth   ++           h - +4 ring of protection
HPRegen 1.21/turn    v - +4 ring of protection
MPRegen 0.15/turn

%: random rage (3%), reflection
@: on fire, glowing, studying Invocations, very slow
A: large, unfitting armour, claws 3, regeneration 1, shaggy fur 1, tough skin 1,
thin skeletal structure 1, berserk 1, dopey 1
a: Renounce Religion, Bend Time, Temporal Distortion, Slouch, Step From Time


You were on level 11 of the Dungeon.
You worshipped Cheibriados.
Cheibriados was exalted by your worship.
You visited 3 branches of the dungeon, and saw 19 of its levels.

You collected 2545 gold pieces.

Inventory:

Missiles
 r - 4 large rocks
 A - 21 poisoned darts
Armour
 u - a +0 cloak (worn)
 x - the +3 crown of Dyrovepreva (worn) {rElec Int+2 SInv}
   (You found it on level 5 of the Dungeon)

   Int+2:     It affects your intelligence (+2).
   rElec:     It insulates you from electricity.
   SInv:      It lets you see invisible.
Jewellery
 c - an amulet of reflection (around neck)
 h - a +4 ring of protection (left claw)
 v - a +4 ring of protection (right claw)
 C - a ring of magical power
 H - the ring "Isubb" {rF+ Dex+6}
   (You acquired it on level 4 of the Lair of Beasts)

   [ring of dexterity]

   Dex+6:     It affects your dexterity (+6).
   rF+:       It protects you from fire.
 L - a ring of magical power
Talismans
 e - a flux talisman
Wands
 D - a wand of charming (25)
 F - a wand of flame (17)
Scrolls
 a - 2 scrolls of enchant weapon
 d - a scroll of blinking
 j - 5 scrolls of vulnerability
 l - a scroll of identify {@r1}
 n - 3 scrolls of enchant armour {unknown}
 o - 2 scrolls of silence
 q - 3 scrolls of amnesia {unknown}
 w - 4 scrolls of fog {unknown}
 y - 7 scrolls of teleportation {@r3}
 z - 3 scrolls of fear {unknown}
 B - a scroll of torment {!r}
 E - a scroll of immolation
 G - 2 scrolls of brand weapon
 K - a scroll of butterflies
Potions
 b - a potion of magic
 f - 3 potions of brilliance
 g - 3 potions of lignification
 i - 2 potions of attraction
 m - 5 potions of curing
 p - 3 potions of might
 s - 2 potions of cancellation
 t - 3 potions of enlightenment
 I - a potion of ambrosia


   Skills:
 - Level 6.2 Fighting
 - Level 1.5 Dodging
 - Level 1.0 Stealth
 - Level 21.0 Unarmed Combat
 - Level 3.0 Spellcasting
 + Level 6.9 Necromancy
 + Level 5.6 Invocations
 + Level 7.6 Shapeshifting


You had 15 spell levels left.
You knew the following spells:

 Your Spells              Type           Power      Damage    Failure   Level
a - Necrotise             Necr           100%       1d9       1%          1
v - Vampiric Draining     Necr           43%        2d9       1%          3

Your spell library contained the following spells:

 Spells                   Type           Power      Damage    Failure   Level
 Kiss of Death            Conj/Necr      92%        2d12      1%          1
 Animate Dead             Necr           43%        N/A       4%          4
 Dispel Undead            Necr           43%        3d17      4%          4
 Magic Dart               Conj           16%        1d3       9%          1
 Summon Small Mammal      Summ           16%        N/A       9%          1
 Blink                    Tloc           8%         N/A       12%         2
 Call Imp                 Summ           8%         N/A       12%         2
 Jinxbite                 Hex            8%         N/A       12%         2
 Curse of Agony           Necr           43%        N/A       13%         5
 Call Canine Familiar     Summ           4%         N/A       24%         3
 Confusing Touch          Hex            4%         N/A       24%         3
 Dazzling Flash           Conj/Hex       8%         N/A       24%         3
 Inner Flame              Hex/Fire       4%         N/A       24%         3
 Mephitic Cloud           Conj/Alch/Air  4%         N/A       24%         3
 Sigil of Binding         Hex            4%         N/A       24%         3
 Brom's Barrelling Bould  Conj/Erth      4%         2d3       63%         4
 Dimensional Bullseye     Hex/Tloc       2%         N/A       63%         4
 Flame Wave               Conj/Fire      4%         2d5       63%         4
 Leda's Liquefaction      Alch/Erth      2%         N/A       63%         4
 Sticky Flame             Fire/Alch      4%         2d4       63%         4
 Summon Blazeheart Golem  Fire/Summ      4%         N/A       63%         4
 Fireball                 Conj/Fire      2%         3d4       92%         5
 Iskenderun's Battlesphe  Conj           4%         2d6       92%         5
 Lee's Rapid Deconstruct  Erth           2%         3d4*      92%         5
 Silence                  Hex/Air        2%         N/A       92%         5
 Summon Forest            Summ/Tloc      2%         N/A       92%         5
 Summon Mana Viper        Hex/Summ       4%         N/A       92%         5
 Yara's Violent Unravell  Hex/Alch       2%         3d3       92%         5
 Conjure Ball Lightning   Conj/Air       2%         3x3d6     100%        6
 Permafrost Eruption      Ice/Erth       2%         2x4d2     100%        6
 Starburst                Conj/Fire      2%         6d3       100%        6
 Summon Cactus Giant      Summ           2%         N/A       100%        6
 Enfeeble                 Hex            2%         N/A       100%        7
 Orb of Destruction       Conj           2%         9d5       100%        7
 Maxwell's Capacitive Co  Air            2%         ∞         100%        8


Dungeon Overview and Level Annotations

Branches:
Dungeon (13/15)            Temple (0/1) D:5            Lair (5/5) D:10
 Shoals (0/4) Lair:3       Spider (0/4) Lair:2        Slime (0/5) Lair:4
    Orc (1/2) D:11
 Vaults: D:13-14

Altars:
Cheibriados
Dithmenos
Elyvilon
Gozag
Hepliaklqana
Makhleb
Nemelex Xobeh
Okawaru
Sif Muna
Trog
Uskayaw
Vehumet
Wu Jian
Xom
Yredelemnul
Jiyva
Lugonu

Shops:
D:1 (   D:7 (   D:8 *

Portals:
Abyss: Lair:5

Annotations:
D:13 Frances
Lair:2 exclusion: hydra


Innate Abilities, Weirdness & Mutations

You are too large for most types of armour.
You have claws for hands.
Your natural rate of healing is unusually fast.
You are covered in fur. (AC +1)
You have tough skin. (AC +1)
You have a somewhat thin skeletal structure. (Dex +2, Stealth+)
You sometimes lose your temper in combat.
You are dopey. (Int -2)


Message History

The orc warrior hits you but does no damage.
The orc warrior barely resists.
The orc warrior hits you from afar with a +0 glaive!
The orc warrior throws a boomerang.
The boomerang barely misses you.
The orc warrior hits you but does no damage.
The orc sorcerer hits you but does no damage.
The orc warrior throws a boomerang.
The boomerang barely misses you. The orc warrior barely misses you.
The orc warrior hits you from afar with a +0 glaive!
The ynoxinul gestures.
You climb upwards.
Welcome back to the Dungeon!
The smoke demon disappears in a puff of smoke!
The ynoxinul disappears in a puff of smoke!
The ufetubus disappears in a puff of smoke! x5
There is a staircase to the Orcish Mines, spattered with blood here.
You scratch the orc sorcerer.
The orc sorcerer is lightly wounded.
You claw the orc sorcerer!
The orc sorcerer is severely wounded.
The orc sorcerer hits you but does no damage.
You claw the orc sorcerer!
The orc sorcerer is almost dead.
The orc sorcerer hits you with a +0 dagger.
You miss the orc sorcerer.
The orc sorcerer is almost dead.
You scratch the orc sorcerer.
You kill the orc sorcerer!
Cheibriados appreciates the change of pace.
You now have 2545 gold pieces (gained 5).
Items here: ))) [[[ ††.
There is a staircase to the Orcish Mines, spattered with blood here.
You start resting.
Magic restored.
You climb downwards.
Welcome back to the Orcish Mines!
The orc sorcerer casts a spell.
The orc warrior throws a boomerang.
The boomerang hits you but does no damage.
There is a staircase back to the Dungeon, spattered with blood here.
The orc sorcerer casts a spell.
The orc warrior hits you from afar with a +0 trident.
The orc warrior throws a boomerang.
The boomerang hits you. The orc sorcerer casts a spell at you.
You suddenly lose the ability to move!
The orc warrior hits you from afar with a +0 halberd!
The orc warrior hits you from afar with a +0 trident.
The smoke demon gestures at you. The pyre arrow hits you.
You are covered in intense liquid fire!
The liquid fire burns you!
The orc warrior hits you from afar with a +0 halberd!
The orc warrior hits you but does no damage.
The smoke demon hits you.
The smoke demon hits you but does no damage. x2
The liquid fire burns you!
The orc warrior hits you from afar with a +0 halberd.
An orc warlord comes into view.
It is wielding a +0 glaive of distortion.
The orc warrior hits you but does no damage.
The smoke demon gestures at you. Something smites you!
You can move again.
You shake off some of the fire as you move.
The liquid fire burns you!
The orc warrior attacks as it pursues you!
The orc warrior misses you.
The orc sorcerer gestures wildly while chanting.
The smoke demon gestures at you. Something smites you!
* * * LOW HITPOINT WARNING * * *
You block the orc warrior's attack.
The orc warrior hits you but does no damage.
The smoke demon gestures at you. The pyre arrow hits you.
You are even more covered in intense liquid fire!
The ynoxinul barely misses you.
The orc shouts!
There is a staircase back to the Dungeon, spattered with blood here.
The liquid fire burns you!
* * * LOW HITPOINT WARNING * * *
The orc warrior hits you from afar with a +0 trident.
* * * LOW HITPOINT WARNING * * *
The orc warrior barely misses you.
The ynoxinul hits you but does no damage.
You shake off some of the fire as you move.
You climb upwards.
Welcome back to the Dungeon!
The liquid fire burns you!
* * * LOW HITPOINT WARNING * * *
There is a staircase to the Orcish Mines, spattered with blood here.
You are on fire!
Unknown command.
The liquid fire burns you!
* * * LOW HITPOINT WARNING * * *
The liquid fire burns you!
* * * LOW HITPOINT WARNING * * *
Okay, then.
The liquid fire burns you!
* * * LOW HITPOINT WARNING * * *
You feel better. The liquid fire burns you!
You die...
Cheibriados appreciates the motionlessness of death.

.....# #...##.# #......#
.....#####
#.#..#.######......#
......##.#
#.##>........#####.#
......)[####
#.####.#####.#####.#
.....##[[#.# #.#
#.............# #....##...##
#.# ########..#####
#....##....######## ##.## #
#....##......ß#[÷[# #..# #
####..........'[@)# ##.####
#.........ß#.[[# #.##..
#........############## #.#..#
#......####..#........###...##
##......##............[)..>...
#...####.............####....
#..#.##..............# #....
##############......)..# #....
#....##....).#......|..# #....


There were no monsters in sight!

Vanquished Creatures
  Gastronok (D:11)
  Josephine (D:11)
  Snorg (D:10)
  The ghost of senlim the Fighter, a journeyman BaGl of Uskayaw (D:11)
  5 hydras
  A boulder beetle (D:10)
  The ghost of tenshi1004 the Nimble, a journeyman KoGl of Okawaru (D:11)
  2 thrashing horrors (Lair:5)
  2 two-headed ogres (D:8)
  A skyshark (Lair:4)
  A lindwurm (Lair:5)
  Pikel (D:9)
  An orc sorcerer (D:11)
  3 ugly things (Lair:5)
  A manticore (D:12)
  A cyclops (D:11)
  3 meliai (D:11)
  A large abomination (Lair:5)
  20 elephants
  A black mamba (shapeshifter) (Lair:5)
  11 black mambas
  A gargoyle (D:11)
  An orange demon (D:12)
  A cane toad (shapeshifter) (Lair:5)
  3 smoke demons (Lair:5)
  13 cane toads
  An unseen horror (D:12)
  3 rime drakes
  6 komodo dragons
  2 polar bears
  A hornet (Lair:2)
  6 trolls
  3 raiju
  9 blink frogs (Lair:5)
  6 dream sheep (Lair:5)
  3 slime creatures (D:12)
  A shadow (D:12)
  4 wraiths
  Sigmund (D:3)
  8 small abominations (Lair:5)
  A spriggan (Lair:5)
  56 yaks
  2 ynoxinuls (Lair:5)
  4 wyverns
  A fire bat (D:12)
  10 basilisks
  5 steam dragons
  3 wargs
  4 vampire mosquitoes (D:11)
  2 redbacks (Lair:2)
  Edmund (D:4)
  2 acid dragons
  13 water moccasins
  A hell hound (D:12)
  2 sky beasts
  An ice beast (D:7)
  6 black bears
  10 orc warriors
  2 ogres
  8 centaurs
  7 wolves
  2 kobold brigands
  Blork the orc (D:4)
  14 bullfrogs
  5 scorpions
  2 gnoll sergeants
  2 wights
  13 killer bees
  A howler monkey (D:6)
  5 electric eels
  A bombardier beetle (D:3)
  3 hounds
  5 jellies
  7 orc priests
  6 iguanas
  5 orc wizards
  3 hell rats (Lair:1)
  7 gnolls
  10 adders
  7 river rats (Lair:1)
  A shadow imp (D:7)
  4 white imps
  4 ufetubi
  2 ribbon worms
  39 orcs
  8 ball pythons
  9 endoplasms
  5 giant cockroaches
  11 goblins
  6 hobgoblins
  8 jackals
  16 kobolds
  2 quokkas
  5 bats
  5 frilled lizards
  16 rats
  A butterfly (Lair:1)
515 creatures vanquished.

Vanquished Creatures (others)
  An orc wizard (D:10)
  A white imp (D:7)
  An orc (D:10)
3 creatures vanquished.

Grand Total: 518 creatures vanquished

Notes
Turn   | Place    | Note
-------+----------+-------------------------------------------
     0 | D:1      | edsrzf the Troll Necromancer began the quest for the Orb.
     0 | D:1      | Reached XP level 1. HP: 16/16 MP: 1/1
    69 | D:1      | Reached skill level 1 in Unarmed Combat
   136 | D:1      | Reached XP level 2. HP: 24/24 MP: 2/2
   161 | D:1      | Reached skill level 2 in Unarmed Combat
   298 | D:1      | Found a faded altar of an unknown god.
   457 | D:1      | Reached XP level 3. HP: 31/31 MP: 3/3
   528 | D:1      | Found Lidiahou's Antique Weapon Shop.
  1047 | D:2      | Reached skill level 3 in Unarmed Combat
  1596 | D:3      | Noticed Sigmund
  1754 | D:3      | Noticed a scorpion
  1760 | D:3      | Killed a scorpion
  1761 | D:3      | Reached skill level 4 in Unarmed Combat
  1761 | D:3      | Reached XP level 4. HP: 29/39 MP: 1/4
  1818 | D:3      | Identified the +0 ring mail of Kigus {Harm Dex+4}
  1978 | D:3      | Reached skill level 5 in Unarmed Combat
  1978 | D:3      | Reached XP level 5. HP: 24/45 MP: 5/5
  1983 | D:3      | Identified 3 potions of mutation
  1983 | D:3      | Gained mutation: You have hidden genetic defects. [potion
                  | of mutation]
  1983 | D:3      | Gained mutation: You are vulnerable to cold. (rC-) [potion
                  | of mutation]
  1983 | D:3      | Gained mutation: You are robust. (+10% HP) [potion of
                  | mutation]
  1983 | D:3      | Gained mutation: You are very robust. (+20% HP) [potion of
                  | mutation]
  2347 | D:3      | Killed Sigmund
  2348 | D:3      | Reached skill level 6 in Unarmed Combat
  2348 | D:3      | Reached XP level 6. HP: 56/63 MP: 6/6
  2360 | D:3      | Gained mutation: You occasionally lose the ability to drink
                  | potions when taking damage. [hidden defects]
  2508 | D:3      | Lost mutation: You occasionally lose the ability to drink
                  | potions when taking damage. [potion of mutation]
  2508 | D:3      | Lost mutation: You are very robust. (+20% HP) [potion of
                  | mutation]
  2508 | D:3      | Gained mutation: You sometimes lose your temper in combat.
                  | [potion of mutation]
  2508 | D:3      | Gained mutation: Your mind is acute. (Int +4, Str/Dex -1)
                  | [potion of mutation]
  2509 | D:3      | Lost mutation: Your mind is acute. (Int +4, Str/Dex -1)
                  | [potion of mutation]
  2509 | D:3      | Lost mutation: You are robust. (+10% HP) [potion of
                  | mutation]
  2509 | D:3      | Lost mutation: You are vulnerable to cold. (rC-) [potion of
                  | mutation]
  2509 | D:3      | Gained mutation: You have a somewhat thin skeletal
                  | structure. (Dex +2, Stealth+) [potion of mutation]
  2643 | D:4      | Found a bloodstained altar of Trog.
  2651 | D:4      | Reached skill level 1 in Fighting
  2664 | D:4      | Reached XP level 7. HP: 46/63 MP: 7/7
  2668 | D:4      | Gained mutation: You are dopey. (Int -2) [hidden defects]
  2668 | D:4      | Lost mutation: You have hidden genetic defects. [hidden
                  | defects expressed]
  2696 | D:4      | Reached skill level 2 in Fighting
  2696 | D:4      | Reached skill level 7 in Unarmed Combat
  2724 | D:4      | Found a basalt altar of Yredelemnul.
  2757 | D:4      | Found an opulent altar of Gozag.
  2797 | D:4      | Found a snail-covered altar of Cheibriados.
  2830 | D:4      | Became a worshipper of Cheibriados the Contemplative
  2839 | D:4      | Noticed Edmund
  2849 | D:4      | Killed Edmund
  2951 | D:4      | Reached skill level 3 in Fighting
  3004 | D:4      | Found a radiant altar of Vehumet.
  3235 | D:4      | Noticed Blork the orc
  3250 | D:4      | Killed Blork the orc
  3251 | D:4      | Reached XP level 8. HP: 69/76 MP: 6/8
  3426 | D:5      | Entered Level 5 of the Dungeon
  3451 | D:5      | Reached skill level 8 in Unarmed Combat
  3454 | D:5      | Found a white marble altar of Elyvilon.
  3482 | D:5      | Found a staircase to the Ecumenical Temple.
  3501 | D:5      | Reached skill level 4 in Fighting
  3514 | D:5      | Reached * piety under Cheibriados
  3515 | D:5      | Found a hazy altar of Hepliaklqana.
  3633 | D:5      | Found a sparkling altar of Nemelex Xobeh.
  3774 | D:5      | Found the +3 crown of Dyrovepreva {rElec Int+2 SInv}
  4072 | D:6      | Found a shimmering blue altar of Sif Muna.
  4072 | D:6      | Found an iron altar of Okawaru.
  4125 | D:6      | Reached skill level 5 in Fighting
  4202 | D:6      | Reached skill level 9 in Unarmed Combat
  4216 | D:6      | Found a shadowy altar of Dithmenos.
  4320 | D:6      | Reached XP level 9. HP: 88/88 MP: 9/9
  4422 | D:6      | Reached ** piety under Cheibriados
  4533 | D:7      | Identified the +5 chain mail of the Hurricane {rCorr Int+3
                  | SInv}
  4583 | D:7      | Reached skill level 6 in Fighting
  4648 | D:7      | Reached skill level 10 in Unarmed Combat
  4714 | D:7      | Found Dulatual's Antique Weapon Boutique.
  4853 | D:7      | Found an ornate altar of the Wu Jian Council.
  5279 | D:8      | Reached skill level 11 in Unarmed Combat
  5288 | D:8      | Reached *** piety under Cheibriados
  5490 | D:8      | Reached skill level 12 in Unarmed Combat
  5507 | D:8      | Noticed a two-headed ogre
  5512 | D:8      | Killed a two-headed ogre
  5513 | D:8      | Reached XP level 10. HP: 98/98 MP: 10/10
  5536 | D:8      | Found Nurch's General Store.
  5638 | D:8      | You fall into a shaft and drop 2 floors!
  5638 | D:10     | Entered Level 10 of the Dungeon
  5648 | D:10     | Found a shimmering altar of Xom.
  5659 | D:9      | Noticed Pikel
  5682 | D:9      | Killed Pikel
  5683 | D:9      | Reached skill level 13 in Unarmed Combat
  5900 | D:8      | Noticed a two-headed ogre
  5905 | D:8      | Killed a two-headed ogre
  6294 | D:9      | Reached **** piety under Cheibriados
  6318 | D:9      | Reached skill level 14 in Unarmed Combat
  6400 | D:9      | Noticed a +0 spear
  6400 | D:9      | Noticed a +0 dagger
  6400 | D:9      | Noticed a +0 dagger
  6402 | D:9      | Noticed a +0 short sword
  6402 | D:9      | Noticed a +0 falchion
  6402 | D:9      | Noticed a +0 spear
  6403 | D:9      | Noticed a +0 falchion
  6403 | D:9      | Noticed a +0 short sword
  6415 | D:9      | Found a hide-covered altar of Uskayaw.
  6468 | D:9      | Found a burning altar of Makhleb.
  6743 | D:10     | Identified 5 scrolls of blinking
  6745 | D:10     | Identified 10 scrolls of identify
  6745 | D:10     | Identified 3 potions of heal wounds
  6754 | D:10     | Noticed a boulder beetle
  6770 | D:10     | Killed a boulder beetle
  6771 | D:10     | Reached skill level 15 in Unarmed Combat
  6771 | D:10     | Reached XP level 11. HP: 44/105 MP: 11/11
  6972 | D:10     | Noticed Snorg
  7196 | D:10     | Found a staircase to the Lair.
  7210 | D:10     | Reached ***** piety under Cheibriados
  7220 | Lair:1   | Entered Level 1 of the Lair of Beasts
  7262 | Lair:1   | Reached skill level 16 in Unarmed Combat
  7530 | Lair:1   | Reached skill level 17 in Unarmed Combat
  7582 | Lair:1   | You fall into a shaft and drop 1 floor!
  7582 | Lair:2   | Found a hole to the Spider Nest.
  7684 | Lair:2   | Reached XP level 12. HP: 89/114 MP: 12/12
  7796 | Lair:2   | Reached skill level 18 in Unarmed Combat
  7870 | Lair:2   | Reached ****** piety under Cheibriados
  8025 | Lair:2   | Identified 3 potions of brilliance
  8182 | Lair:2   | Noticed a seven-headed hydra
  8265 | Lair:1   | Identified the +2 scale mail of Undesirable Species {rF-
                  | Str+2 Stlth+}
  8366 | Lair:1   | Identified the +3 leather armour of Inference {rF++ Dex+3}
  9323 | Lair:2   | Reached skill level 19 in Unarmed Combat
  9532 | Lair:2   | Learned a level 3 spell: Vampiric Draining
  9935 | Lair:3   | Noticed an eight-headed hydra
  9949 | Lair:3   | Killed a 13-headed hydra
 10022 | Lair:3   | Identified 3 potions of lignification
 10034 | Lair:3   | Identified 2 potions of attraction
 10035 | Lair:3   | Identified 4 potions of curing
 10036 | Lair:3   | Identified a potion of degeneration
 10037 | Lair:3   | Identified 2 potions of cancellation
 10038 | Lair:3   | Identified 2 potions of enlightenment
 10039 | Lair:3   | Identified a potion of haste
 10040 | Lair:3   | Identified a potion of ambrosia
 10238 | Lair:3   | Reached skill level 20 in Unarmed Combat
 10334 | Lair:3   | Reached XP level 13. HP: 120/120 MP: 13/13
 10373 | Lair:3   | Found a staircase to the Shoals.
 10858 | Lair:4   | Identified a potion of might
 11063 | Lair:4   | Found a viscous altar of Jiyva.
 11063 | Lair:4   | Found a staircase to the Slime Pits.
 11454 | Lair:4   | Identified a scroll of butterflies
 11455 | Lair:4   | Identified a scroll of brand weapon
 11456 | Lair:4   | Identified a scroll of immolation
 11457 | Lair:4   | Identified a scroll of torment
 11463 | Lair:4   | Reached skill level 21 in Unarmed Combat
 11463 | Lair:4   | Identified 4 scrolls of acquirement
 11463 | Lair:4   | Acquired 764 gold pieces
 11465 | Lair:4   | Acquired 357 gold pieces
 11467 | Lair:4   | Acquired the ring "Isubb" {rF+ Dex+6}
 11469 | Lair:4   | Acquired a flux talisman
 11718 | Lair:5   | Entered Level 5 of the Lair of Beasts
 11793 | Lair:5   | Reached skill level 1 in Shapeshifting
 11813 | Lair:5   | Reached skill level 2 in Spellcasting
 11813 | Lair:5   | Reached skill level 2 in Shapeshifting
 11829 | Lair:5   | Reached skill level 3 in Shapeshifting
 11993 | Lair:5   | Reached skill level 3 in Spellcasting
 12246 | Lair:5   | Reached skill level 4 in Shapeshifting
 12484 | Lair:5   | Reached skill level 4 in Necromancy
 12588 | Lair:5   | Reached skill level 5 in Shapeshifting
 12754 | Lair:5   | Upgraded the game from 0.32-a0-818-gb728d02 to
                  | 0.32-a0-825-g0e82a10
 12771 | Lair:5   | Reached skill level 5 in Necromancy
 12783 | Lair:5   | Reached XP level 14. HP: 123/130 MP: 17/17
 12858 | Lair:5   | Identified 6 scrolls of vulnerability
 12859 | Lair:5   | Identified 7 scrolls of teleportation
 12993 | Lair:5   | Reached skill level 6 in Shapeshifting
 13082 | Lair:5   | Found a corrupted altar of Lugonu.
 13082 | Lair:5   | Found a one-way gate to the infinite horrors of the Abyss.
 13514 | D:10     | Killed Snorg
 13515 | D:10     | Reached skill level 1 in Invocations
 13740 | D:11     | Noticed Josephine
 13745 | D:11     | Killed Josephine
 13746 | D:11     | Reached skill level 2 in Invocations
 13749 | D:11     | Reached skill level 6 in Necromancy
 13827 | D:11     | Reached skill level 3 in Invocations
 13945 | D:11     | Found a runed translucent gate.
 13946 | D:11     | Found a runed translucent gate.
 13946 | D:11     | Found a runed translucent gate.
 13947 | D:11     | Noticed senlim's ghost (journeyman BaGl)
 13947 | D:11     | Noticed tenshi1004's ghost (journeyman KoGl)
 13996 | D:11     | Reached skill level 7 in Shapeshifting
 14030 | D:11     | Found a staircase to the Orcish Mines.
 14563 | D:11     | Killed senlim's ghost
 14570 | D:11     | Killed tenshi1004's ghost
 14571 | D:11     | Reached skill level 4 in Invocations
 14723 | D:12     | Identified 2 scrolls of silence
 14724 | D:12     | Identified 2 scrolls of noise
 14725 | D:12     | Identified 2 scrolls of enchant weapon
 14966 | D:12     | Found a shimmering altar of Xom.
 15194 | D:13     | Noticed Frances
 15262 | Orc:1    | Entered Level 1 of the Orcish Mines
 15268 | Orc:1    | Noticed Gastronok
 15272 | D:11     | Reached skill level 5 in Invocations
 15504 | D:11     | Killed Gastronok
 15592 | Orc:1    | Paralysed by an orc sorcerer for 4 turns
 15594 | Orc:1    | Noticed an orc warlord
 15600 | D:11     | HP: 2/130 [burnt (10)]
 15601 | D:11     | Incinerated by a smoke demon

Illustrated notes

Levels and vault maps discovered:
D:1:      nicolae_arrival_somewhat_less_tricky_arrival, layout_basic,
          serial_shops, nicolae_shop_hallway_plus,
          hellmonk_ecumenical_altar_zigzags
D:2:      layout_basic
D:3:      minmay_chambers_of_twos, layout_basic,
          nicolae_concentric_dashed_squares_mild, uniq_sigmund
D:4:      layout_rooms, mainiacjoe_overflow_alcove_4,
          mainiacjoe_overflow_brackets, trog_ov_bears_minmay,
          cheibriados_altar_1, grunt_gozag_statues, kennysheep_generic_room_8,
          uniq_blork_the_orc, uniq_edmund
D:5:      layout_basic, overflow_temple_1_default, mainiacjoe_overflow_alcove_2,
          nicolae_overflow_crystal_walls, minmay_temple_entry_statues_pillars,
          chequers_serial_rivers_micro_e
D:6:      layout_rooms, marbit_many_paths, mainiacjoe_overflow_divided_tiny
D:7:      layout_loops_ring, nzn_wu_jian_council_hall, serial_shops, shop,
          serial_bayou, serial_bayou_ford_a, serial_bayou_shore_a,
          serial_bayou_pond_e, serial_bayou_pond_b
D:8:      layout_layer_cave, serial_shops, shop, st_stairs_5, roderic_lattice_a
D:9:      layout_rooms, nicolae_uskayaw_en_pointe,
          mainiacjoe_overflow_surrounded_room, uniq_pikel
D:10:     layout_layer_cave, mainiacjoe_overflow_catwalk, lair_entry_dummy,
          enter_bailey_3, minivault_14, grunt_decor_junction, uniq_snorg
D:11:     layout_basic, hiddenorc1_lemuel, gammafunk_ghost_cemetery,
          uniq_josephine
D:12:     layout_basic, regret_index_xom_of_box
D:13:     nooodl_glass_maze, layout_layer_cave, ximxim_vaults_locker_room,
          dreamdust_looks_like_rain, uniq_lodul, uniq_azrael, uniq_frances,
          uniq_jorgrun
Lair:1:   layout_layer_cave, grunt_forest_stairs_basic,
          kennysheep_abandoned_house, lemuel_fruit_tree, lemuel_fruit_fields
Lair:2:   minmay_lair_venomous_thicket, layout_cave_pods,
          spider_nest_entry_webs, st_stairs_13, chequers_serial_rivers_small_a,
          grunt_megastairs_2
Lair:3:   layout_long_grid, minmay_shoals_entry_centaurs
Lair:4:   layout_regular_city, slime_entry_2, grunt_megastairs_1
Lair:5:   hellmonk_lair_end_abyssal_woods, layout_misc_corridors,
          nicolae_quartered_pool_impasse
Orc:1:    layout_caves, uniq_gastronok

Skill      XL: |  1  2  3  4  5  6  7  8  9 10 11 12 13 14 |
---------------+-------------------------------------------+-----
Unarmed Combat | 1 2 4 5 6 7 9 12 15 17 20 21 | 21.0
Fighting       | 1 3 5 6 |  6.2
Shapeshifting  | 5 7 |  7.6
Spellcasting   | 3 |  3.0
Necromancy     | 5 6 |  6.9
Invocations    | 5 |  5.6
Dodging        | |  1.5
Stealth        | |  1.0

Action                     |  1- 3 |  4- 6 |  7- 9 | 10-12 | 13-15 || total
---------------------------+-------+-------+-------+-------+-------++-------
  Melee: Unarmed           |    81 |    69 |   226 |   405 |   414 ||  1195
         Punch             |       |     3 |     7 |    43 |    56 ||   109
   Cast: Necrotise         |    17 |     3 |    21 |     1 |    60 ||   102
  Evoke: Wand              |       |       |       |     2 |     2 ||     4
    Use: Potion            |       |     3 |       |     1 |     4 ||     8
         Scroll            |       |       |       |    13 |    16 ||    29
   Stab: Sleeping          |     5 |       |     7 |    16 |     5 ||    33
         Distracted        |       |       |       |       |     3 ||     3
 Armour: Robe              |    44 |    37 |   203 |   397 |   268 ||   949
         Skin              |       |       |       |       |   158 ||   158
  Dodge: Dodged            |    18 |    24 |   122 |   215 |   179 ||   558
  Block: Other             |       |       |       |       |    33 ||    33
         Reflection        |       |       |       |       |     3 ||     3

Table legend: (Time is in decaauts)
 A = Elapsed time spent in this place.
 B = Non-inter-level travel time spent in this place.
 C = Inter-level travel time spent in this place.
 D = Time resting spent in this place.
 E = Time spent auto-exploring this place.
 F = Levels seen in this place.
 G = Mean time per level.
                   A        B        C        D        E       F      G
               +--------+--------+--------+--------+--------+-----+--------+
         Total |  23269 |  22056 |   1213 |   1857 |  15497 |  19 | 1224.7 |
       Dungeon |  12858 |  12203 |    655 |    974 |   8554 |  13 |  989.1 |
          Lair |  10373 |   9817 |    556 |    883 |   6943 |   5 | 2074.6 |
  Orcish Mines |     37 |     37 |      0 |      0 |      0 |   1 |   37.0 |
               +--------+--------+--------+--------+--------+-----+--------+

Top non-repeatable levels by time:
  Lair:1: 2546 daAuts
  Lair:5: 2315 daAuts
  Lair:2: 2304 daAuts
    D:11: 2025 daAuts
  Lair:4: 1686 daAuts
  Lair:3: 1520 daAuts
    D:10: 1343 daAuts
     D:8: 1313 daAuts
     D:7: 1256 daAuts
    D:12: 1063 daAuts
     D:3: 1045 daAuts
     D:4: 931 daAuts
     D:9: 869 daAuts
     D:2: 840 daAuts
     D:5: 745 daAuts
